Map: Orbital Shipyard

Players

BunnyWillis - Winner!

  • Race: Terran Terran
  • League: Grandmaster

Voltz

  • Race: Zerg Zerg
  • League: Grandmaster

VOD

Have the link to the VOD?

Description

Time

  • Played on: Nov. 19, 2015, 8:35 p.m.
  • Length: 14:01
Show
View Real Time Build Order
Export as new Build Order

BunnyWillis Terran - Winner!

Build Orders: Liberator Opening, Reaper Expand, MMM Bio 

Get SALT Encoding   

  12  0:01  SCV  
  13  0:13  SCV  
  14  0:21  Supply Depot  
  14  0:25  SCV  
  15  0:42  SCV  
  16  0:44  Barracks  
  16  0:46  Refinery  
  16  0:54  SCV  
  17  1:06  SCV  
  18  1:18  SCV  
  19  1:31  Reaper, Orbital Command  
  20  1:47  Command Center  
  20  1:55  Supply Depot  
  20  1:57  SCV  
  21  2:04  Barracks Reactor  
  21  2:10  SCV  
  22  2:22  SCV  
  23  2:28  Factory  
  23  2:29  Refinery  
  23  2:34  SCV  
  24  2:40  Marine x2  
  26  2:46  SCV  
  27  2:58  SCV  
  28  3:01  Orbital Command  
  28  3:10  SCV  
  29  3:12  Starport  
  29  3:13  Barracks Reactor  
  29  3:17  Hellion x2  
  33  3:24  SCV  
  34  3:27  SCV  
  35  3:36  SCV  
  35  3:39  SCV, Hellion x2  
  35  3:41  Liberator  
  40  3:48  SCV  
  40  3:51  Supply Depot, SCV  
  42  3:55  Liberator  
  45  4:05  SCV  
  45  4:06  Supply Depot  
  46  4:13  SCV, Hellion x2  
  46  4:14  Command Center  
  54  4:17  Supply Depot  
  54  4:28  SCV x2  
  54  4:30  Armory  
  61  4:38  Barracks Tech Lab  
  61  4:40  SCV x2  
  58  4:51  Barracks  
  58  4:52  SCV x2  
  60  4:53  Barracks x2  
  60  4:55  Factory Reactor  
  60  4:56  Barracks  
  60  4:57  Marine  
  61  5:01  Refinery  
  61  5:04  SCV x2  
  60  5:07  Starport Reactor  
  60  5:13  Stimpack  
  60  5:15  Marine  
  60  5:16  SCV x2  
  63  5:27  Orbital Command  
  63  5:29  SCV x2  
  63  5:33  Marine  
  63  5:41  SCV, Marine  
  63  5:42  SCV, Marine  
  67  5:47  Refinery  
  67  5:48  Engineering Bay  
  65  5:50  Factory Reactor, Engineering Bay  
  65  5:51  Marine  
  65  5:52  Marine x4  
  65  5:53  SCV  
  65  5:56  SCV  
  61  5:59  Marine x4  
  61  6:03  SCV  
  65  6:05  SCV  
  65  6:08  SCV, Starport Reactor  
  65  6:09  Marine x2  
  69  6:15  SCV  
  69  6:16  Terran Infantry Weapons Level 1, Terran Infantry Armor Level 1  
  69  6:22  Missile Turret  
  69  6:25  Missile Turret  
  68  6:26  Missile Turret  
  68  6:28  Marine x2  
  68  6:30  Marine x2  
  68  6:31  Marine x4  
  69  6:33  Marine  
  64  6:46  Marine x2  
  63  6:48  Marine x3  
  63  6:49  Marine x3  
  63  6:51  Marine  
  70  6:55  Medivac x2  
  74  7:04  Marine x2  
  74  7:13  Marine x2  
  74  7:14  Supply Depot x2, Missile Turret  
  71  7:16  Orbital Command  
  71  7:17  Missile Turret  
  71  7:22  Marine x2  
  60  7:23  Marine x4  
  66  7:31  Marine x2  
  66  7:35  Marine  
  68  7:39  Combat Shields  
  68  7:40  Marine  
  68  7:41  Marine x4  
  73  7:47  Orbital Command, Widow Mine  
  73  7:48  Widow Mine  
  73  7:49  Marine x2  
  79  7:53  Marine  
  80  7:58  Marine  
  80  7:59  Marine  
  80  8:04  SCV x2  
  84  8:05  Marine  
  84  8:06  Marine  
  84  8:07  Marine x3  
  88  8:13  Barracks Reactor, Missile Turret  
  88  8:14  SCV  
  88  8:15  Missile Turret  
  88  8:16  SCV, Missile Turret, Marine x2  
  92  8:23  Marine  
  92  8:24  Marine x2  
  92  8:25  Marine  
  92  8:26  SCV  
  93  8:28  SCV  
  93  8:38  SCV, Marine x2  
  93  8:39  Terran Infantry Weapons Level 2, Terran Infantry Armor Level 2  
  93  8:41  Widow Mine x2  
  96  8:46  Missile Turret  
  96  8:47  Missile Turret x2  
  100  8:51  Medivac  
  100  8:52  Medivac  
  100  8:54  Marine  
  105  8:57  Marine x2  
  105  8:59  Marine x2  
  109  9:20  Supply Depot x2  
  109  9:25  Supply Depot  
  109  9:26  Supply Depot  
  109  9:27  Supply Depot  
  109  9:36  Marine  
  109  9:41  Medivac x2, Marine x4  
  109  9:42  Marine x4  
  121  9:46  Barracks  
  121  9:49  Barracks  
  121  9:52  Missile Turret, Widow Mine x2  
  121  9:53  Marine  
  121  9:59  Marine x5  
  129  10:02  Marine  
  129  10:03  Marine x2  
  134  10:11  Marine, Medivac  
  137  10:17  Marine x2  
  128  10:24  Marine x3  
  128  10:25  Marine x3  
  128  10:26  Medivac  
  121  10:29  Marine  
  121  10:33  Marine  
  121  10:34  Marine x2  
  116  10:37  Marine  
  116  10:38  Widow Mine  
  116  10:41  Medivac, Widow Mine  
  116  10:42  Marine x3  
  113  10:43  Marine x3  
  113  10:47  Marine  
  117  10:51  Marine  
  117  10:52  Marine x2  
  117  10:55  Marine  
  117  10:56  Medivac  
  114  10:58  Terran Infantry Weapons Level 3  
  114  11:00  Marine x4  
  114  11:01  Marine x2  
  120  11:05  Marine  
  120  11:09  Command Center, Marine  
  120  11:10  Marine x2  
  124  11:17  Terran Infantry Armor Level 3, Marine  
  124  11:19  Marine  
  124  11:20  Marine  
  124  11:21  Marine  
  124  11:23  Marine x2  
  124  11:24  Marine  
  128  11:26  Marine  
  129  11:35  Liberator x2  
  129  11:38  Marine  
  129  11:39  Marine x6  
  115  11:41  Marine x2  
  115  11:42  Marine  
  115  11:44  Marine  
  119  11:48  Widow Mine  
  119  11:52  Widow Mine  
  129  12:00  Marine x2  
  129  12:01  Marine x6  
  135  12:10  Marine  
  135  12:12  Barracks Tech Lab x2  
  135  12:17  Widow Mine  
  135  12:18  Marine x5  
  140  12:23  Marine x2  
  140  12:24  Marine  
  143  12:34  Widow Mine  
  143  12:36  Marauder x3  
  151  12:43  Marine  
  150  12:45  Widow Mine  
  150  12:48  Marine  
  134  12:52  Marine  
  134  12:53  Marine  
  134  12:56  Marine x3  
  134  12:57  Marauder, Marine  
  143  12:58  Marauder x2  
  130  13:18  Marine  
  130  13:19  Marine x3, Marauder  
  139  13:20  Marauder x2  
  137  13:40  Marauder  
Show
View Real Time Build Order
Export as new Build Order

Voltz Zerg 

Build Orders: Hatch First, Muta Ling Bane 

Get SALT Encoding   

  12  0:02  Drone  
  13  0:12  Overlord  
  13  0:18  Drone  
  14  0:30  Drone  
  14  0:31  Drone  
  14  0:35  Drone  
  17  0:51  Hatchery  
  17  0:55  Drone  
  17  0:58  Drone  
  18  1:09  Extractor  
  17  1:12  Spawning Pool  
  17  1:15  Drone  
  17  1:18  Drone  
  18  1:28  Drone  
  19  1:39  Drone  
  20  1:50  Overlord  
  20  1:59  Queen  
  22  2:03  Queen  
  22  2:04  Zergling x4  
  26  2:09  Metabolic Boost  
  26  2:14  Drone  
  27  2:17  Drone  
  29  2:22  Drone  
  29  2:25  Drone  
  30  2:35  Overlord, Queen  
  32  2:42  Drone  
  32  2:45  Drone  
  32  2:46  Drone  
  32  2:47  Lair  
  34  2:54  Drone  
  35  3:00  Overlord  
  35  3:01  Extractor  
  35  3:05  Drone  
  35  3:08  Drone x2  
  35  3:09  Drone  
  35  3:10  Drone  
  39  3:13  Drone x2  
  39  3:14  Drone  
  39  3:18  Overlord  
  42  3:25  Queen  
  44  3:27  Drone  
  44  3:30  Extractor  
  44  3:31  Drone  
  45  3:35  Drone  
  45  3:40  Drone  
  47  3:44  Extractor  
  47  3:46  Drone x3  
  49  3:49  Overlord  
  49  3:50  Drone x3  
  52  3:56  Drone  
  52  4:01  Queen  
  55  4:06  Spire  
  54  4:10  Drone  
  54  4:11  Drone  
  56  4:17  Zergling x2  
  56  4:18  Zergling x8  
  61  4:30  Hatchery  
  59  4:34  Evolution Chamber, Drone  
  59  4:37  Overlord  
  59  4:47  Overlord  
  59  4:51  Zergling x2  
  59  4:52  Zergling x4  
  62  5:18  Mutalisk x4  
  62  5:19  Mutalisk x5  
  78  5:22  Zergling x6  
  73  5:36  Mutalisk  
  75  5:43  Mutalisk  
  75  5:45  Queen  
  75  5:46  Queen x2  
  75  5:48  Drone x4  
  80  5:52  Drone  
  80  5:53  Drone  
  81  6:02  Drone x2  
  81  6:04  Overlord  
  81  6:10  Evolution Chamber, Mutalisk  
  81  6:11  Evolution Chamber, Mutalisk  
  80  6:12  Baneling Nest  
  79  6:20  Mutalisk  
  81  6:29  Mutalisk x2  
  83  6:38  Overlord  
  83  6:39  Overlord  
  79  6:48  Mutalisk x2  
  79  6:49  Drone  
  79  6:50  Drone x3, Queen  
  89  6:56  Queen x2  
  89  6:57  Mutalisk  
  93  7:02  Drone x3  
  93  7:07  Drone  
  97  7:13  Drone  
  97  7:14  Drone  
  97  7:15  Drone  
  98  7:22  Drone x3  
  93  7:26  Drone x8  
  101  7:31  Drone  
  101  7:32  Extractor, Zerg Ground Armor Level 1, Zerg Melee Weapons Level 1  
  101  7:33  Extractor  
  98  7:38  Drone  
  98  7:39  Drone  
  98  7:40  Mutalisk  
  98  7:43  Mutalisk  
  104  7:51  Overlord  
  104  7:57  Hatchery, Overlord x3  
  104  7:58  Overlord  
  103  8:02  Zergling x4  
  103  8:03  Infestation Pit  
  104  8:11  Zergling x12  
  110  8:13  Hatchery  
  110  8:15  Overlord  
  109  8:26  Mutalisk x5  
  107  8:30  Overlord  
  107  8:31  Overlord x3, Zergling x2  
  116  8:35  Centrifical Hooks  
  116  8:39  Overlord  
  116  8:43  Zergling x4  
  116  8:44  Zergling x4  
  120  8:49  Hive  
  120  8:50  Zergling x2  
  121  8:59  Mutalisk x2  
  123  9:06  Zergling x8  
  123  9:07  Zergling x12  
  131  9:10  Extractor  
  131  9:11  Extractor  
  131  9:14  Zergling x8  
  131  9:17  Queen  
  131  9:19  Drone  
  131  9:22  Drone  
  135  9:27  Drone x3  
  138  9:32  Zergling x20  
  138  9:36  Queen  
  138  9:37  Drone  
  151  9:38  Drone  
  151  9:42  Drone  
  151  9:43  Drone  
  151  9:44  Drone  
  155  9:48  Drone x5  
  160  9:54  Baneling x2  
  160  9:55  Baneling x9  
  160  10:03  Zerg Ground Armor Level 2  
  159  10:08  Baneling x6  
  159  10:09  Baneling  
  138  10:22  Zergling x2  
  138  10:23  Zergling x20  
  137  10:30  Zergling x14  
  137  10:42  Zergling x22  
  147  10:51  Ultralisk Cavern, Zergling x4  
  147  10:53  Overseer  
  115  11:07  Pneumatized Carapace, Baneling  
  115  11:08  Baneling x23  
  115  11:13  Corruptor x3  
  116  11:19  Corruptor x2  
  112  11:27  Zergling x12  
  112  11:28  Zergling x6  
  112  11:39  Ultralisk  
  108  11:51  Ultralisk  
  110  12:00  Ultralisk  
  101  12:10  Ultralisk  
  103  12:21  Ultralisk x2  
  98  12:31  Overseer  
  98  12:34  Hatchery  
  97  12:51  Ultralisk  
  70  13:18  Zergling x2  
  70  13:19  Zergling x18  
Tags
 
Add a new tag
Caveats
  • Supply blocks, unpowered buildings, or Contaminate may cause inaccurate times.
  • Supply counts are checked every 10 seconds.